 Dungeon Crawl Stone Soup version 0.31-a0-183-g4352c244c2 (webtiles) character file.

Game seed: 6012572962421641190

66 Hajna the Shooter (level 3, 0/21 HPs)
             Began as a Deep Elf Hunter on June 22, 2023.
             Succumbed to an adder's poison
             ... on level 3 of the Dungeon.
             The game lasted 00:03:21 (1066 turns).

Hajna the Shooter (Deep Elf Hunter)                 Turns: 1066, Time: 00:03:21

Health: 0/21       AC:  4    Str:  8    XL:     3   Next: 96%
Magic:  5/5        EV: 17    Int: 13    God:
Gold:   173        SH:  0    Dex: 20    Spells: 0/2 levels left

rFire   . . .        a - +0 shortbow
rCold   . . .        (shield currently unavailable)
rNeg    . . .        c - +0 leather armour
rPois   .            (no helmet)
rElec   .            (no cloak)
rCorr   .            (no gloves)
SInv    .            g - +0 pair of boots
Will    .....        (no amulet)
Stlth   ++           k - +5 ring of evasion
HPRegen 0.23/turn    (no ring)
MPRegen 0.09/turn

%: no passive effects
@: lethally poisoned (0 -> -9)
A: no striking features
a: no special abilities


You were on level 3 of the Dungeon.
You visited 1 branch of the dungeon, and saw 3 of its levels.

You collected 173 gold pieces.

Inventory:

Hand Weapons
 a - a +0 shortbow (weapon)
 h - a +0 dagger
 i - a +0 short sword
Missiles
 f - 4 boomerangs
 p - 5 silver boomerangs
Armour
 c - a +0 leather armour (worn)
 e - a +0 kite shield
 g - a +0 pair of boots (worn)
Jewellery
 k - a +5 ring of evasion (left hand)
Scrolls
 b - a scroll of butterflies
 j - a scroll of revelation {unknown}
 l - 3 scrolls of identify {unknown}
 m - 2 scrolls of noise {unknown}
Potions
 d - 3 potions of mutation {unknown}
 n - a potion of haste {unknown}
 o - a potion of curing {unknown}
 q - a potion of lignification {unknown}


   Skills:
 + Level 1.9 Fighting
 + Level 6.8 Ranged Weapons
 + Level 0.7 Armour
 + Level 2.5 Dodging
 + Level 1.4 Stealth


You couldn't memorise any spells.
You knew the following spells:

 Your Spells              Type           Power      Damage    Failure   Level
a - Wereblood             Tmut           0%         N/A       54%         2

Your spell library contained the following spells:

 Spells                   Type           Power      Damage    Failure   Level
 Beastly Appendage        Tmut           0%         N/A       41%         1
 Spider Form              Tmut/Pois      0%         N/A       78%         3


Dungeon Overview and Level Annotations

Branches:
Dungeon (3/15)

Altars:


Message History

The orc shouts!
The arrow hits the orc.
The orc is almost dead.
You hear a shout!
You shoot an arrow. The arrow closely misses the orc.
You shoot an arrow. The arrow hits the orc.
You kill the orc!
An orc comes into view. It is wielding a +0 whip.
An orc is nearby!
You shoot an arrow. The arrow closely misses the orc.
An orc comes into view. It is wielding a +0 heavy hand axe.
An adder comes into view.
You shoot an arrow. The arrow barely misses the adder.
You shoot an arrow. The arrow hits the orc.
The orc is severely wounded.
You shoot an arrow. The arrow barely misses the orc.
You shoot an arrow. The arrow hits the orc.
You kill the orc!
You shoot an arrow. The arrow barely misses the adder.
You shoot an arrow.
The arrow hits the orc but does no damage.
The orc hits you with a +0 heavy hand axe!
Ouch! That really hurt!
You are too injured to fight recklessly!
You shoot an arrow. The arrow barely misses the orc.
The adder misses you. The adder closely misses you.
Okay, then.
You shoot an arrow.
The arrow hits the adder but does no damage.
The orc misses you. The adder bites you.
You are poisoned.
The adder poisons you!
You shoot an arrow. The arrow closely misses the adder.
You feel sick. The adder bites you.
* * * LOW HITPOINT WARNING * * *
You are more poisoned.
The adder poisons you! The orc closely misses you.
The adder completely misses you.
You shoot an arrow. The arrow barely misses the adder.
You die...

..........#......#
..........#......#
..........#......#
...###.#..#......#
.......#.<#......#
...##....##[.....####
... ##..............#
. ................#
###..........@...#
###.#......oS..#
#.####+##)...# #.
)....# .....# ......#
.....## ......#


You could see an adder and an orc.

Vanquished Creatures
  2 adders (D:2)
  A worm (D:3)
  2 dart slugs
  2 orcs (D:3)
  5 endoplasms
  3 giant cockroaches (D:1)
  A goblin (D:2)
  4 hobgoblins
  4 quokkas
  3 ball pythons
  3 bats
  5 kobolds
  3 rats
38 creatures vanquished.

Notes
Turn   | Place    | Note
-------+----------+-------------------------------------------
     0 | D:1      | Hajna the Deep Elf Hunter began the quest for the Orb.
     0 | D:1      | Reached XP level 1. HP: 12/12 MP: 3/3
   250 | D:1      | Found a faded altar of an unknown god.
   254 | D:1      | Reached XP level 2. HP: 16/16 MP: 4/4
   275 | D:1      | Reached skill level 6 in Ranged Weapons
   612 | D:2      | Reached XP level 3. HP: 20/20 MP: 5/5
   971 | D:3      | Learned a level 2 spell: Wereblood
  1065 | D:3      | HP: 1/21 [adder (4)]
  1066 | D:3      | Succumbed to an adder's poison

Illustrated notes

Levels and vault maps discovered:
D:1:      dpeg_arrival_castle, layout_rooms,
          hellmonk_ecumenical_altar_arch_garden
D:2:      layout_rooms, minmay_misc_feat_nine_boxes
D:3:      layout_basic, marbit_many_paths, kennysheep_generic_room_14

Skill      XL: |  1  2 |
---------------+-------+-----
Ranged Weapons | 6 |  6.8
Fighting       | |  1.9
Armour         | |  0.7
Dodging        | |  2.5
Stealth        | |  1.4

Action                     || total
---------------------------++-------
   Fire: Shortbow          ||   100
 Armour: Leather armour    ||     5
  Dodge: Dodged            ||    22

Table legend: (Time is in decaauts)
 A = Elapsed time spent in this place.
 B = Non-inter-level travel time spent in this place.
 C = Inter-level travel time spent in this place.
 D = Time resting spent in this place.
 E = Time spent auto-exploring this place.
 F = Levels seen in this place.
 G = Mean time per level.
                   A        B        C        D        E       F      G
               +--------+--------+--------+--------+--------+-----+--------+
         Total |   1081 |   1032 |     49 |      0 |    803 |   3 |  360.3 |
       Dungeon |   1081 |   1032 |     49 |      0 |    803 |   3 |  360.3 |
               +--------+--------+--------+--------+--------+-----+--------+

Top non-repeatable levels by time:
     D:1: 519 daAuts
     D:2: 449 daAuts
     D:3: 112 daAuts
